Unix NetHack Version 5.0.0-0 post-release - last build May  4 2026 22:22:43 (774f63e81ad911689b3a0859ea89b322d5daca8d,branch:main).

Game began 2026-05-05 11:23:20, ended 2026-05-05 11:28:15.

GdeVolpiano, lawful female human Priestess

                                                          ---------------
                                                          -<............|
                                                       .....----------..|
                                                      -------        --.|
                                                                      |.|
                                                                      |.|
                                                                      -@.-
                                                                     G)..-
                                                                   .......
                                                                  -.G..hh.|
                                                                  .>....---
                                                                 .......|
                                                                ..---.|.|
                                                               ..    .|.-
                                                              ..     -|.
                                                             ---      |.
                                                                      |.
                                                                      ---

GdeVolpiano the Aspirant     St:14 Dx:13 Co:13 In:9 Wi:18 Ch:9  Lawful
Dlvl:3  $:6  HP:0(22) Pw:18(18) AC:5  Xp:2 T:651 

Latest messages:
 You see here a tin (for sale, 8 zorkmids).
 You see here a ruby potion (for sale, 267 zorkmids).
 You see here a pancake (for sale, 20 zorkmids).
 You see here a food ration (for sale, 60 zorkmids).
 You see here a ruby potion (for sale, 267 zorkmids).
 #
 (For instructions type a '?')
 You see here a food ration (for sale, 60 zorkmids).
 You see here a fig (for sale, 23 zorkmids).
 You do not owe Gyantse anything.
 Where do you want to travel to?
 (For instructions type a '?')
 You kill the jackal!
 You descend the stairs.
 You climb up the stairs.
 You feel strong!
 You must have been exercising diligently.
 Where do you want to travel to?
 (For instructions type a '?')
 That door is closed.
 This door is locked.
 This door is locked.
 This door is locked.
 In what direction?
 Whammm!!
 In what direction?
 Whammm!!
 In what direction?
 Whammm!!
 In what direction?
 Thwack!!
 In what direction?
 As you kick the door, it crashes open!
 Where do you want to travel to?
 (For instructions type a '?')
 You descend the stairs.
 You hit the gnome lord!
 The gnome lord hits!
 You miss the gnome lord.
 The gnome lord hits!
 You hit the gnome lord.
 The gnome lord hits!
 You miss the gnome lord.
 The gnome lord hits!
 The gnome shoots 2 crossbow bolts!
 The 1st crossbow bolt hits the gnome lord.
 The gnome lord is killed!
 You are hit by the 2nd crossbow bolt.
 You die...
 Do you want your possessions identified? [ynq] (y)

Inventory:
 Coins    ('$')
  $ - 6 gold pieces
 Weapons  (')')
  a - a blessed +1 mace (weapon in right hand)
 Armor    ('[')
  r - a +0 pair of iron shoes (being worn)
  s - a +0 pair of levitation boots
  c - a +0 small shield (being worn)
  b - a +0 robe (being worn)
 Comestibles  ('%')
  e - a clove of garlic
  p - a cram ration
  i - 4 food rations
  f - a sprig of wolfsbane
  m - 4 tripe rations
  k - a lichen corpse
 Scrolls  ('?')
  o - a cursed scroll of amnesia
  n - a scroll of remove curse
 Spellbooks  ('+')
  q - a blessed spellbook of cure blindness
  h - a spellbook of healing
  g - a spellbook of protection
 Potions  ('!')
  j - a blessed potion of hallucination
  l - a potion of healing
  d - 3 potions of holy water

GdeVolpiano the Priestess's attributes:

Background:
 You were an Aspirant, a level 2 human Priestess.
 You were lawful, on a mission for Ptah
 who was opposed by Thoth (neutral) and Anhur (chaotic).
 You were right-handed.
 You were in the Gnomish Mines, on level 3.
 You entered the dungeon 651 turns ago.
 You had 32 experience points, 8 more were needed to attain level 3.

Basics:
 You had 0 out of 22 hit points.
 You had all 18 energy points (spell power).
 Your armor class was 5.
 Your wallet contained 6 zorkmids.
 Autopickup was on for '$?!/="+' plus thrown, with exceptions.

Final Characteristics:
 Your strength was 14 (limit:18/100).
 Your dexterity was 13 (limit:18).
 Your constitution was 13 (limit:18).
 Your intelligence was 9 (limit:18).
 Your wisdom was 18 (limit:18).
 Your charisma was 9 (limit:18).

Final Status:
 You weren't hungry.
 You were unencumbered.
 You were wielding a mace.
 You had basic skill with mace.

Final Attributes:
 You were fervently aligned.
 You were guarded.
 Your spell casting was enhanced by wearing a robe.
 You are dead.

Miscellaneous:
 You didn't encounter any bones levels.
 Total elapsed playing time was 4 minutes and 52 seconds.

Major events:
 Turn
    1: GdeVolpiano the lawful human Priestess entered the dungeon
  584: entered the Gnomish Mines
  651: killed by a crossbow bolt

Spells:
 Name                 Level Category     Fail Retention
 protection             1   clerical       0%  91%-100%
 healing                1   healing        0%  76%-100%
 cure blindness         2   healing       44%  76%-100%

Skills:
 Fighting Skills
   bare handed combat [Unskilled]
 Weapon Skills
   club               [Unskilled]
   mace               [Basic]
   morning star       [Unskilled]
   flail              [Unskilled]
   hammer             [Unskilled]
   quarterstaff       [Unskilled]
   polearms           [Unskilled]
   spear              [Unskilled]
   trident            [Unskilled]
   lance              [Unskilled]
   bow                [Unskilled]
   sling              [Unskilled]
   crossbow           [Unskilled]
   dart               [Unskilled]
   shuriken           [Unskilled]
   boomerang          [Unskilled]
   unicorn horn       [Unskilled]
 Spellcasting Skills
   healing spells     [Unskilled]
   divination spells  [Unskilled]
   clerical spells    [Basic]

Voluntary challenges:
 Character rerolling was not enabled.
 You were an atheist.
 You never genocided any monsters.
 You never polymorphed an object.
 You never changed form.
 You used no wishes.
Achievements:
 You entered a shop.
 You entered the Gnomish Mines.

 The Dungeons of Doom: levels 1 to 3
    Level 1: "vault"
       Some fountains.
    Level 2:
       A vegetarian food shop, a fountain.
       Stairs down to The Gnomish Mines.
    Level 3:
 The Gnomish Mines:
    Level 3: <- You were here.
       Final resting place for
          you, killed by a crossbow bolt.


Vanquished creatures:
  a gnome leader
  a little dog
  4 jackals
  a fox
  a goblin
  a sewer rat
  3 grid bugs
  a lichen
  4 kobold zombies
  5 newts
22 creatures vanquished.

No species were genocided or became extinct.

Game over:
                       ----------
                      /          \
                     /    REST    \
                    /      IN      \
                   /     PEACE      \
                  /                  \
                  |   GdeVolpiano    |
                  |       6 Au       |
                  |   killed by a    |
                  |  crossbow bolt   |
                  |                  |
                  |                  |
                  |       2026       |
                 *|     *  *  *      | *
        _________)/\\_//(\/(/\)/\//\/|_)_______

Goodbye GdeVolpiano the Priestess...

You died in The Gnomish Mines on dungeon level 3 with 234 points,
and 6 pieces of gold, after 651 moves.
You were level 2 with a maximum of 22 hit points when you died.

